[Event "Titled Tuesday Blitz August 02 Early 2022"]
[White "Korchmar, Vasiliy"]
[Black "Boros, Denes"]
[WhiteFideId "24131750"]
[BlackFideId "722340"]
[WhiteElo "2370"]
[BlackElo "2464"]
[Result "0-1"]
[Round "07"]
[TimeControl "180+1"]
[Date "2022.08.02"]
[WhiteClock "0:00:08"]
[BlackClock "0:01:45"]

1. e4 d6 2. d4 g6 3. Nc3 Bg7 4. Nge2 a6 5. a4 Nd7 6. g3 c5 7. d5 h5 8. h3 Ngf6 9. Bg2 Rb8 10. a5 b5 11. axb6 Nxb6 12. O-O O-O 13. Kh2 a5 14. Bd2 Nc4 15. b3 Nxd2 16. Qxd2 Ba6 17. Ra4 Rb4 18. Rfa1 Bxe2 19. Qxe2 Nd7 20. Qd2 c4 21. bxc4 Nb6 22. R4a2 Rxc4 23. Nb5 Rb4 24. Rxa5 Rxb5 25. Rxb5 Bxa1 26. c3 Na4 27. Rb7 Bxc3 28. Qc2 Nc5 0-1


[Site "https://www.chess.com"]

[Event "Titled Tuesday Blitz August 02 Early 2022"]
[White "Le, Tuan Minh"]
[Black "Abdrlauf, Elham"]
[WhiteFideId "12401153"]
[BlackFideId "1533533"]
[WhiteElo "2530"]
[BlackElo "2429"]
[Result "1-0"]
[Round "07"]
[TimeControl "180+1"]
[Date "2022.08.02"]
[WhiteClock "0:00:15"]
[BlackClock "0:00:04"]

1. d4 Nf6 2. Nf3 b6 3. Bf4 Bb7 4. e3 Nh5 5. Bg3 g6 6. Bd3 Bg7 7. Nbd2 d6 8. Bh4 Nd7 9. O-O O-O 10. c3 Qe8 11. Re1 e5 12. e4 Nf4 13. Bc2 h6 14. Bg3 g5 15. Nf1 Nf6 16. Ne3 Bxe4 17. Bxe4 Nxe4 18. Nf5 Nxg3 19. hxg3 Ng6 20. dxe5 dxe5 21. Nh2 Qe6 22. Qf3 Ne7 23. Nxe7+ Qxe7 24. g4 Rad8 25. Nf1 Qe6 26. Ng3 Rd2 27. Re2 Rfd8 28. Nf5 Rd1+ 29. Rxd1 Rxd1+ 30. Kh2 Qxa2 31. Ne7+ Kf8 32. Ng6+ Kg8 33. Qa8+ Kh7 34. Ne7 f5 35. Qe8 Qe6 36. gxf5 Qa2 37. f6 Bxf6 38. Qg6+ Kh8 39. Qxh6# 1-0


[Site "https://www.chess.com"]

[Event "Titled Tuesday Blitz August 02 Early 2022"]
[White "Livaic, Leon"]
[Black "Costachi, Mihnea"]
[WhiteFideId "14531534"]
[BlackFideId "1217518"]
[WhiteElo "2540"]
[BlackElo "2477"]
[Result "1-0"]
[Round "07"]
[TimeControl "180+1"]
[Date "2022.08.02"]
[WhiteClock "0:00:10"]
[BlackClock "0:00:12"]

1. d4 d5 2. Bf4 Nf6 3. e3 c6 4. c4 g6 5. Nc3 Bg7 6. cxd5 cxd5 7. Bd3 O-O 8. h3 a6 9. Nf3 Nc6 10. Rc1 b5 11. O-O Bb7 12. a4 b4 13. Nb1 Qb6 14. Nbd2 Rfc8 15. Nb3 Nd7 16. Qe2 Na5 17. Nfd2 Nxb3 18. Nxb3 e5 19. dxe5 Nxe5 20. a5 Qd8 21. Nc5 Qe7 22. Nxb7 Qxb7 23. Bxe5 Bxe5 24. Rxc8+ Qxc8 25. Rd1 Qc5 26. Bxa6 Qxa5 27. Bb7 Rd8 28. Qf3 d4 29. exd4 Rxd4 30. Re1 Kg7 31. b3 Rf4 32. Qe3 f6 33. g3 Rf5 34. Bc8 Rg5 35. Bg4 Bd6 36. Qe8 Re5 37. Qd7+ Be7 38. Rd1 Qb5 39. Qc7 Qc5 40. Qb7 Kh6 41. Bf3 Qc3 42. Bd5 Qc2 43. Rf1 Re2 44. Bc4 Rd2 45. Qxe7 Qc3 46. Qf8+ Kh5 47. Qe7 Qd4 48. Qe3 Qxe3 49. fxe3 Kg5 50. Rf2 Rd1+ 51. Kg2 f5 52. h4+ Kf6 53. e4 Ke5 54. exf5 gxf5 55. Re2+ Kd4 56. Kf3 Rf1+ 57. Rf2 Re1 58. Kf4 Re4+ 59. Kxf5 Re2 60. Rxe2 1-0


[Site "https://www.chess.com"]

[Event "Titled Tuesday Blitz August 02 Early 2022"]
[White "Makarian, Rudik"]
[Black "Izoria, Zviad"]
[WhiteFideId "44105681"]
[BlackFideId "13601733"]
[WhiteElo "2403"]
[BlackElo "2626"]
[Result "1/2-1/2"]
[Round "07"]
[TimeControl "180+1"]
[Date "2022.08.02"]
[WhiteClock "0:01:37"]
[BlackClock "0:01:42"]

1. d3 d5 2. f4 g6 3. Nf3 Bg7 4. g3 Nf6 5. Bg2 O-O 6. O-O b6 7. Ne5 Bb7 8. Nc3 Nbd7 9. Nxd7 Qxd7 10. e4 dxe4 11. dxe4 Qxd1 12. Rxd1 Rfd8 13. e5 Rxd1+ 14. Nxd1 Bxg2 15. Kxg2 Nd5 16. a3 c5 17. c4 Nc7 18. Be3 f6 19. exf6 Bxf6 20. Kf3 Rd8 21. Ke2 e5 22. fxe5 Bxe5 23. Rb1 1/2-1/2


[Site "https://www.chess.com"]

[Event "Titled Tuesday Blitz August 02 Early 2022"]
[White "Maksimovic, Bojan"]
[Black "Aggelis, Nikolaos"]
[WhiteFideId "14408120"]
[BlackFideId "4213220"]
[WhiteElo "2453"]
[BlackElo "2154"]
[Result "1/2-1/2"]
[Round "07"]
[TimeControl "180+1"]
[Date "2022.08.02"]
[WhiteClock "0:00:15"]
[BlackClock "0:00:33"]

1. d4 Nf6 2. c4 g6 3. Nc3 d5 4. cxd5 Nxd5 5. e4 Nxc3 6. bxc3 Bg7 7. Be3 b6 8. Qd2 Bb7 9. Bd3 c5 10. Nf3 Nc6 11. d5 Na5 12. Bb5+ Kf8 13. O-O e6 14. Rad1 exd5 15. exd5 h6 16. Bf4 Kg8 17. Rfe1 Kh7 18. Ne5 Rf8 19. Nc6 Bxc6 20. dxc6 Qxd2 21. Bxd2 a6 22. Be2 Nxc6 23. a4 Rfd8 24. Bf3 Rac8 25. Kf1 Rxd2 26. Rxd2 Bxc3 27. Rd6 Bxe1 28. Kxe1 Nd4 29. Rxb6 Nxf3+ 30. gxf3 Rd8 31. Rxa6 Rd4 32. Ke2 Kg7 33. Ke3 g5 34. h3 f6 35. Ra7+ Kg6 36. Ra5 Rh4 37. Ke2 Rxh3 38. Rxc5 Rh4 39. a5 Ra4 40. Kf1 h5 41. Kg2 h4 42. Rb5 Ra3 43. Rc5 f5 44. Rc6+ Kh5 45. Rc5 f4 46. Rb5 h3+ 47. Kxh3 Rxf3+ 48. Kg2 Ra3 49. Rc5 Kg4 50. Rb5 Kh4 51. Rf5 Kg4 52. Rb5 f3+ 53. Kh2 Ra2 54. Rb4+ Kh5 55. Kg3 Rxa5 56. Kxf3 Rf5+ 57. Kg3 Kg6 58. f3 Rf6 59. Kg4 Rf4+ 60. Rxf4 gxf4 61. Kh4 Kh6 62. Kg4 Kg6 63. Kxf4 Kf6 64. Ke4 Ke6 65. Kf4 Kf6 66. Kg3 Kg5 67. f4+ Kf5 68. Kf3 Kf6 69. Kg4 Kg6 70. f5+ Kf6 71. Kf4 Kf7 72. Ke5 Ke7 73. Ke4 Kf6 74. Kf4 Kf7 75. Kg4 Kf6 76. Kf4 1/2-1/2


[Site "https://www.chess.com"]

[Event "Titled Tuesday Blitz August 02 Early 2022"]
[White "Manukyan, Sargis A."]
[Black "Shipov, Sergei"]
[WhiteFideId "13303970"]
[BlackFideId "4113624"]
[WhiteElo "2187"]
[BlackElo "2775"]
[Result "1-0"]
[Round "07"]
[TimeControl "180+1"]
[Date "2022.08.02"]
[WhiteClock "0:00:42"]
[BlackClock "0:01:14"]

1. Nf3 d5 2. c4 e6 3. d4 dxc4 4. e3 c5 5. Bxc4 a6 6. O-O Nf6 7. Qe2 b5 8. Bd3 cxd4 9. Nxd4 Bb7 10. a4 b4 11. a5 Be7 12. Nd2 O-O 13. Nc4 Nbd7 14. Nb3 Qc7 15. e4 Nc5 16. Nxc5 Bxc5 17. Bg5 Rfd8 18. Rac1 Qc6 19. Nb6 Rab8 20. Bf4 Rxd3 21. Qxd3 Nxe4 22. Bxb8 Nxf2 23. Qd8+ 1-0


[Site "https://www.chess.com"]

[Event "Titled Tuesday Blitz August 02 Early 2022"]
[White "Molina, Roberto Junio Brito"]
[Black "Melikyan, Gnel"]
[WhiteFideId "2109450"]
[BlackFideId "54109990"]
[WhiteElo "2432"]
[BlackElo "1772"]
[Result "1-0"]
[Round "07"]
[TimeControl "180+1"]
[Date "2022.08.02"]
[WhiteClock "0:00:31"]
[BlackClock "0:00:03"]

1. d4 Nf6 2. e3 d5 3. Nf3 c6 4. Be2 Bf5 5. O-O e6 6. b3 Nbd7 7. c4 Bd6 8. Ba3 Bxa3 9. Nxa3 Qe7 10. Qc1 O-O 11. Qb2 a6 12. Rfd1 Rfc8 13. Rac1 b5 14. cxd5 cxd5 15. Ne1 Nb6 16. Bd3 Bxd3 17. Nxd3 Nfd7 18. Nc2 Qd6 19. Nce1 Rxc1 20. Rxc1 Rc8 21. Rxc8+ Nxc8 22. Qc3 Ne7 23. Nc5 Qc6 24. Ned3 Nb8 25. Qa5 Qc8 26. Nb4 e5 27. Nbxa6 Nbc6 28. Qxb5 exd4 29. exd4 Qg4 30. h3 Qd1+ 31. Qf1 Qxd4 32. Qe1 g6 33. b4 Qc4 34. a4 Nd4 35. b5 Nef5 36. Nd7 Ne2+ 37. Kh1 Kg7 38. Nac5 Nf4 39. b6 Nd6 40. Qe5+ Kg8 41. Nf6+ Kf8 42. Ncd7+ Kg7 43. Nh5+ Kh6 44. Qxf4+ 1-0


[Site "https://www.chess.com"]

[Event "Titled Tuesday Blitz August 02 Early 2022"]
[White "Munkhgal, Gombosuren"]
[Black "Hakobyan, Aram"]
[WhiteFideId "4901266"]
[BlackFideId "13306677"]
[WhiteElo "2576"]
[BlackElo "2557"]
[Result "0-1"]
[Round "07"]
[TimeControl "180+1"]
[Date "2022.08.02"]
[WhiteClock "0:00:04"]
[BlackClock "0:01:04"]

1. d4 Nf6 2. Nf3 e6 3. g3 b5 4. Bg2 Bb7 5. O-O Be7 6. a4 b4 7. c4 c5 8. b3 O-O 9. Bb2 Na6 10. Nbd2 cxd4 11. Bxd4 Nc5 12. a5 Rc8 13. a6 Ba8 14. Qc2 Qc7 15. Qb2 Rfd8 16. Rfd1 h6 17. Nf1 d6 18. Ne3 Nce4 19. Nc2 e5 20. Be3 Nc3 21. Re1 d5 22. cxd5 Nfxd5 23. h4 Bf6 24. Nd2 Nxe3 25. Nxe3 e4 26. Ndc4 Nd5 27. Qc1 Bxa1 28. Qxa1 Nxe3 29. Nxe3 Qc3 30. Nf5 Qxa1 31. Rxa1 Kf8 32. Ra4 Rb8 33. Ne3 Rdc8 34. Nc4 Rxc4 35. bxc4 b3 36. Ra1 Bc6 37. Rb1 b2 38. Kf1 f5 39. Ke1 Ke7 40. e3 Ba4 41. Kd2 Kd6 42. Kc3 Rb3+ 43. Kc2 Rxe3+ 44. Kxb2 Rb3+ 45. Kc2 Rxb1+ 46. Kxb1 Bb3 47. h5 Bxc4 48. Kb2 Bxa6 49. Kc3 Kc5 50. Bh3 Bc8 51. Bg2 a5 52. g4 a4 53. gxf5 Bxf5 54. f3 e3 55. Bf1 a3 56. Be2 a2 57. Kb2 Be6 58. f4 Bc4 59. Bf3 e2 60. Bxe2 Bxe2 0-1


[Site "https://www.chess.com"]

[Event "Titled Tuesday Blitz August 02 Early 2022"]
[White "Nakamura, Hikaru"]
[Black "Fedoseev, Vladimir"]
[WhiteFideId "2016192"]
[BlackFideId "24130737"]
[WhiteElo "2850"]
[BlackElo "2726"]
[Result "1/2-1/2"]
[Round "07"]
[TimeControl "180+1"]
[Date "2022.08.02"]
[WhiteClock "0:00:19"]
[BlackClock "0:00:02"]

1. e4 e5 2. Nf3 Nc6 3. d4 exd4 4. Nxd4 Nf6 5. Nc3 Bb4 6. Nxc6 bxc6 7. Bd3 d5 8. e5 Ng4 9. Bf4 Qe7 10. O-O O-O 11. h3 Nxe5 12. Bxh7+ Kxh7 13. Qh5+ Kg8 14. Qxe5 Qxe5 15. Bxe5 Bf5 16. Bxc7 Bxc3 17. bxc3 Bxc2 18. Rfe1 Rfe8 19. Bd6 f6 20. Bc5 a5 21. f3 Kf7 22. Kf2 a4 23. h4 Bd3 24. g4 Rxe1 25. Rxe1 Re8 26. Be3 Rb8 27. Bc5 Rb2+ 28. Ke3 Bb5 29. a3 Rc2 30. Kf4 Rxc3 31. Re7+ Kg8 32. Re8+ Kh7 33. Bf8 g5+ 34. hxg5 fxg5+ 35. Kxg5 Rxf3 36. Bc5 Kg7 37. Re7+ Rf7 38. Bd4+ Kf8 39. Re3 Rc7 40. Bc5+ Kf7 41. Kf5 Rd7 42. Bd4 c5 43. Bxc5 d4 44. Re5 d3 45. Bb4 Bc4 46. Re1 d2 47. Rd1 Bb3 1/2-1/2


[Site "https://www.chess.com"]

[Event "Titled Tuesday Blitz August 02 Early 2022"]
[White "Oparin, Grigoriy"]
[Black "Srihari L R"]
[WhiteFideId "24125890"]
[BlackFideId "46617116"]
[WhiteElo "2639"]
[BlackElo "2170"]
[Result "0-1"]
[Round "07"]
[TimeControl "180+1"]
[Date "2022.08.02"]
[WhiteClock "0:01:02"]
[BlackClock "0:00:29"]

1. e4 c5 2. Nf3 d6 3. d4 cxd4 4. Nxd4 Nf6 5. Nc3 Nc6 6. Bg5 e6 7. Qd2 Be7 8. O-O-O a6 9. Nxc6 bxc6 10. Bc4 d5 11. Bb3 O-O 12. h4 a5 13. Rhe1 Bb7 14. f3 Re8 15. g4 Qb6 16. Be3 Qc7 17. h5 Red8 18. g5 Nxh5 19. exd5 cxd5 20. a4 d4 21. Bxd4 Bxf3 22. Nb5 Qf4 23. Qxf4 Nxf4 24. Rd2 Bxg5 25. Kb1 h6 26. Rf2 Bd5 27. Nc7 Bxb3 28. Nxa8 Rxd4 29. cxb3 Bh4 30. Rxf4 Rxf4 31. Rd1 g5 32. Rh1 Kg7 33. Nb6 Bf2 34. Nc4 g4 0-1


[Site "https://www.chess.com"]

[Event "Titled Tuesday Blitz August 02 Early 2022"]
[White "Ponce Cano, Adrian"]
[Black "Lobanov, Sergei"]
[WhiteFideId "22296913"]
[BlackFideId "24183750"]
[WhiteElo "2261"]
[BlackElo "2524"]
[Result "0-1"]
[Round "07"]
[TimeControl "180+1"]
[Date "2022.08.02"]
[WhiteClock "0:00:06"]
[BlackClock "0:00:19"]

1. e4 e5 2. Nf3 Nc6 3. Nc3 Nf6 4. Bb5 Bd6 5. O-O O-O 6. h3 Nd4 7. d3 c6 8. Ba4 Bc7 9. Nxd4 exd4 10. Ne2 d5 11. Nxd4 dxe4 12. dxe4 Nxe4 13. Nf3 Qf6 14. Qd4 Qxd4 15. Nxd4 Nc5 16. Bb3 Rd8 17. Be3 a5 18. c3 Nxb3 19. axb3 Bd7 20. Ra2 c5 21. Nf3 b6 22. Raa1 Be6 23. c4 Rd3 24. Ra3 Rad8 25. Re1 h6 26. Kf1 Rxb3 27. Rxb3 Bxc4+ 28. Kg1 Bxb3 29. Nd2 Be6 30. Ne4 Rd3 31. f3 Be5 32. Bc1 Bd4+ 33. Kh2 Rb3 34. Nd2 Rb4 35. Re4 Rb5 36. f4 Bxb2 37. Bxb2 Rxb2 38. Nf3 Bd5 39. Re8+ Kh7 40. Ne1 f5 41. Kg3 Be4 42. Nf3 Bxf3 43. Kxf3 a4 0-1


[Site "https://www.chess.com"]

[Event "Titled Tuesday Blitz August 02 Early 2022"]
[White "Rodchenkov, Sergey D."]
[Black "Pranav Anand"]
[WhiteFideId "4168712"]
[BlackFideId "46626786"]
[WhiteElo "2293"]
[BlackElo "2259"]
[Result "0-1"]
[Round "07"]
[TimeControl "180+1"]
[Date "2022.08.02"]
[WhiteClock "0:00:05"]
[BlackClock "0:01:16"]

1. e4 Nc6 2. d4 e5 3. d5 Nce7 4. Nf3 d6 5. c4 g6 6. Nc3 Bg7 7. Be2 h6 8. Nd2 f5 9. f3 Nf6 10. b4 O-O 11. O-O a5 12. bxa5 Rxa5 13. a4 c5 14. dxc6 bxc6 15. Ba3 c5 16. Nb3 Ra6 17. a5 Nc6 18. Nb5 Nd4 19. N5xd4 exd4 20. e5 dxe5 21. Bxc5 Re8 22. Bb6 Rxb6 23. axb6 Qxb6 24. c5 Qc7 25. Bc4+ Kh7 26. Qd2 Rd8 27. Ra5 e4 28. Rfa1 e3 29. Qe1 Nh5 30. Ra7 Qe5 31. Rf7 d3 32. Raa7 d2 33. Qd1 Be6 34. Be2 Qc3 35. Rfb7 Kh8 36. g4 fxg4 37. fxg4 Nf4 38. Rxg7 Nxe2+ 39. Kf1 Qf6+ 40. Kg2 Qf2+ 41. Kh3 Nf4# 0-1


[Site "https://www.chess.com"]

[Event "Titled Tuesday Blitz August 02 Early 2022"]
[White "Sarana, Alexey"]
[Black "Martinez Alcantara, Jose Eduardo"]
[WhiteFideId "24133795"]
[BlackFideId "3805662"]
[WhiteElo "2666"]
[BlackElo "2703"]
[Result "1-0"]
[Round "07"]
[TimeControl "180+1"]
[Date "2022.08.02"]
[WhiteClock "0:00:08"]
[BlackClock "0:00:02"]

1. c4 c5 2. Nf3 Nc6 3. Nc3 g6 4. g3 Bg7 5. Bg2 d6 6. d3 e6 7. O-O Nge7 8. Qd2 b6 9. b3 Bb7 10. Bb2 O-O 11. e3 d5 12. cxd5 exd5 13. Ne2 Bxb2 14. Qxb2 Qd6 15. d4 Ba6 16. dxc5 bxc5 17. Rfd1 Bxe2 18. Qxe2 Rfd8 19. Rac1 d4 20. exd4 cxd4 21. Nxd4 Nxd4 22. Rxd4 Qxd4 23. Bxa8 Rxa8 24. Qxe7 Qd2 25. Ra1 a5 26. Qe1 Rd8 27. a3 Qb2 28. b4 a4 29. Qb1 Rd2 30. Qxb2 Rxb2 31. Re1 Kg7 32. Re7 Rb3 33. Re3 Rb2 34. g4 h6 35. Kg2 Kf6 36. h4 Ra2 37. Kg3 h5 38. g5+ Kg7 39. Rc3 Rb2 40. Rf3 Ra2 41. Re3 Kf8 42. f4 f6 43. gxf6 Kf7 44. Rc3 Kxf6 45. Kf3 Ke7 46. Ke4 Kd6 47. Rg3 Ke7 48. Kd5 Kf6 49. b5 Kf5 50. b6 Kxf4 51. Rc3 Rb2 52. Kc6 g5 53. Rc4+ Kf5 54. Rc5+ Kg4 55. hxg5 h4 56. g6 Re2 57. b7 Re8 58. Rb5 1-0


[Site "https://www.chess.com"]

[Event "Titled Tuesday Blitz August 02 Early 2022"]
[White "Seo, Jung Min"]
[Black "Perera Alfonso, Rene Humberto"]
[WhiteFideId "1734687"]
[BlackFideId "3514722"]
[WhiteElo "2414"]
[BlackElo "2313"]
[Result "1-0"]
[Round "07"]
[TimeControl "180+1"]
[Date "2022.08.02"]
[WhiteClock "0:00:02"]
[BlackClock "0:00:08"]

1. e4 c5 2. Nf3 d6 3. c3 Nf6 4. Be2 Nbd7 5. Qc2 Qc7 6. O-O b6 7. Re1 Bb7 8. Bf1 e6 9. d3 Be7 10. Nbd2 O-O 11. a4 a6 12. Qd1 Rac8 13. h3 Rfe8 14. b3 Bf8 15. Bb2 Qb8 16. d4 cxd4 17. cxd4 d5 18. e5 Ne4 19. Nxe4 dxe4 20. Ng5 f5 21. Qh5 h6 22. Qf7+ Kh8 23. Nxe6 Bd5 24. Bc4 Rxc4 25. bxc4 Bxe6 26. Qh5 Bxc4 27. Qxf5 Qb7 28. Qxe4 Bd5 29. Qg4 Bb4 30. Re3 Nf8 31. Ba3 Bxa3 32. Raxa3 Re6 33. Rg3 Qe7 34. f4 Rg6 35. Qf5 Rxg3 36. Rxg3 b5 37. axb5 axb5 38. Qh5 b4 39. f5 b3 40. f6 gxf6 41. Qxh6+ Nh7 42. exf6 Qxf6 43. Qd2 Qb6 44. Qe1 Qb8 45. Kh2 b2 46. Qe7 1-0


[Site "https://www.chess.com"]

[Event "Titled Tuesday Blitz August 02 Early 2022"]
[White "Sevian, Samuel"]
[Black "Gareyev, Timur"]
[WhiteFideId "2040506"]
[BlackFideId "14200937"]
[WhiteElo "2692"]
[BlackElo "2559"]
[Result "1-0"]
[Round "07"]
[TimeControl "180+1"]
[Date "2022.08.02"]
[WhiteClock "0:01:26"]
[BlackClock "0:00:39"]

1. e4 e5 2. Nf3 Nc6 3. Bb5 a6 4. Ba4 Nf6 5. O-O Bc5 6. Nc3 b5 7. Bb3 d6 8. a4 Rb8 9. axb5 axb5 10. d3 Bg4 11. Ne2 O-O 12. c3 Bxf3 13. gxf3 Nh5 14. Ng3 Qh4 15. Kh1 Ne7 16. d4 Bb6 17. Rg1 Nf4 18. Bxf4 exf4 19. Ne2 Ng6 20. Qf1 Kh8 21. Rg4 Qh6 22. Qg2 f5 23. exf5 Rxf5 24. Bc2 Rh5 25. Bxg6 hxg6 26. Nxf4 Rf5 27. Rh4 Rh5 28. Nxh5 gxh5 29. Rg1 Rg8 30. Qg6 Qg5 31. Rxg5 Ba7 32. Rgxh5# 1-0


[Site "https://www.chess.com"]

[Event "Titled Tuesday Blitz August 02 Early 2022"]
[White "Shkapenko, Pavel"]
[Black "Vovk, Orest"]
[WhiteFideId "4151933"]
[BlackFideId "14113490"]
[WhiteElo "2386"]
[BlackElo "2203"]
[Result "1/2-1/2"]
[Round "07"]
[TimeControl "180+1"]
[Date "2022.08.02"]
[WhiteClock "0:00:08"]
[BlackClock "0:00:05"]

1. e4 g5 2. d4 h6 3. Nc3 Bg7 4. h4 g4 5. Nge2 c5 6. d5 d6 7. Be3 Nd7 8. Qd2 Qa5 9. O-O-O b5 10. a3 b4 11. Nb1 Rb8 12. axb4 Rxb4 13. c3 Rxe4 14. Qc2 Ngf6 15. Ng3 Ra4 16. Nf5 Bf8 17. Qb3 a6 18. Ng3 Ra1 19. Bd3 Nb6 20. c4 Na4 21. Bd2 Qc7 22. Kc2 Bg7 23. Nc3 Rxd1 24. Rxd1 Nxc3 25. Bxc3 O-O 26. Qa2 Nd7 27. Bxg7 Kxg7 28. Nf5+ Kh8 29. Nxe7 Ne5 30. Nxc8 Rxc8 31. Qa3 Rb8 32. Qc3 Qb6 33. f4 gxf3 34. gxf3 Qb4 35. Be2 Qxc3+ 36. Kxc3 Ng6 37. Ra1 Rb6 38. Rh1 Nf4 39. Bd1 Kg7 40. Re1 Kf6 41. Re4 Kf5 42. Bc2 Ng6 43. h5 Ne5 44. f4 Ng4 45. Re7+ Kxf4 46. Rxf7+ Kg5 47. Bg6 Ne5 48. Rf5+ Kg4 49. Rf6 Nf3 50. Be8 Nd4 51. Rxh6 Rb3+ 52. Kd2 Rxb2+ 53. Kd3 Rh2 54. Rxd6 Kf4 55. Rf6+ Ke5 56. Rf1 Rh3+ 57. Kd2 Rh2+ 58. Kc3 Ne2+ 59. Kb3 Nd4+ 60. Ka3 Rh3+ 61. Ka2 Rh2+ 62. Ka3 Rh3+ 63. Ka2 Rh2+ 64. Ka3 1/2-1/2


[Site "https://www.chess.com"]

[Event "Titled Tuesday Blitz August 02 Early 2022"]
[White "Slugin, Sergey"]
[Black "Gurel, Ediz"]
[WhiteFideId "4122569"]
[BlackFideId "44507356"]
[WhiteElo "2358"]
[BlackElo "1894"]
[Result "0-1"]
[Round "07"]
[TimeControl "180+1"]
[Date "2022.08.02"]
[WhiteClock "0:00:06"]
[BlackClock "0:00:08"]

1. c4 e5 2. Nc3 g6 3. g3 Bg7 4. Bg2 Ne7 5. e4 O-O 6. Nge2 Nbc6 7. O-O d6 8. d3 f5 9. f4 Be6 10. Be3 Qd7 11. Rb1 Rae8 12. Nd5 Bf7 13. b4 Nd4 14. Nxd4 exd4 15. Nxe7+ Rxe7 16. Bf2 fxe4 17. Bxe4 Rxe4 18. dxe4 Bxc4 19. Re1 c5 20. a4 b6 21. a5 Be6 22. bxc5 bxc5 23. a6 Bg4 24. Qb3+ Kh8 25. Qb7 Qe6 26. Qxa7 Bf3 27. f5 gxf5 28. Rb8 fxe4 29. Rxf8+ Bxf8 30. Bxd4+ cxd4 31. Qxd4+ Bg7 32. Qa4 e3 33. a7 Qe4 34. Qxe4 Bxe4 35. Rb1 Bd4 36. Rb8+ Kg7 37. Kf1 Bxa7 38. Re8 Bd3+ 39. Ke1 Bc5 40. Rb8 d5 41. Rb3 Bc4 42. Rb7+ Kf6 43. h3 d4 44. Kd1 d3 45. Rc7 e2+ 46. Ke1 Bb4+ 47. Kf2 e1=Q+ 48. Kf3 Bd5+ 49. Kg4 Qe4+ 50. Kh5 Qg6+ 51. Kh4 Qg5# 0-1


[Site "https://www.chess.com"]

[Event "Titled Tuesday Blitz August 02 Early 2022"]
[White "Steinberg, Nitzan"]
[Black "Nguyen, Quoc Hy"]
[WhiteFideId "2801795"]
[BlackFideId "12410853"]
[WhiteElo "2471"]
[BlackElo "1938"]
[Result "0-1"]
[Round "07"]
[TimeControl "180+1"]
[Date "2022.08.02"]
[WhiteClock "0:00:05"]
[BlackClock "0:00:04"]

1. d4 d5 2. c4 e6 3. Nf3 Nf6 4. Nc3 c5 5. cxd5 Nxd5 6. e4 Nxc3 7. bxc3 cxd4 8. cxd4 Bb4+ 9. Bd2 Bxd2+ 10. Qxd2 O-O 11. Bc4 Nd7 12. O-O b6 13. Rfe1 Bb7 14. Rad1 Rc8 15. Bb3 Re8 16. h4 h6 17. Qf4 Qc7 18. e5 Nf6 19. Rc1 Qb8 20. Bc2 Rc3 21. Bh7+ Kxh7 22. Rxc3 Nd5 23. Qe4+ Kg8 24. Rcc1 b5 25. Qg4 b4 26. Rc5 Rc8 27. Rec1 Nc3 28. Nd2 Nxa2 29. Rxc8+ Bxc8 30. Ra1 Nc3 31. Nc4 b3 32. Nb2 Bb7 33. Kh2 Bd5 34. Qg3 Na2 35. Qe3 Qb4 36. h5 a5 37. g4 a4 38. g5 hxg5 39. Rg1 a3 40. Qxg5 Qf8 41. h6 g6 42. Nd3 b2 43. Nf4 Be4 44. Nh5 b1=Q 45. Nf6+ Kh8 46. Rxb1 Bxb1 47. Ng4 Bf5 48. Qf6+ Kh7 49. Ne3 Qxh6+ 50. Kg1 Qg7 51. Qh4+ Kg8 52. Qd8+ Qf8 53. Qg5 Nc3 54. d5 Nxd5 55. Nxf5 exf5 56. Qd2 Ne7 57. Qb4 Qa8 58. e6 a2 59. exf7+ Kxf7 60. Qb3+ Kf6 61. Qb2+ Kf7 62. Qb3+ Kf8 0-1


[Site "https://www.chess.com"]

[Event "Titled Tuesday Blitz August 02 Early 2022"]
[White "Vasquez Schroeder, Rodrigo"]
[Black "Aradhya, Garg"]
[WhiteFideId "3400042"]
[BlackFideId "25006746"]
[WhiteElo "2567"]
[BlackElo "2203"]
[Result "1/2-1/2"]
[Round "07"]
[TimeControl "180+1"]
[Date "2022.08.02"]
[WhiteClock "0:01:19"]
[BlackClock "0:01:15"]

1. e4 e5 2. Nf3 Nc6 3. Bb5 a6 4. Ba4 Nf6 5. O-O Be7 6. Re1 b5 7. Bb3 O-O 8. h3 Na5 9. Nxe5 Nxb3 10. axb3 Bb7 11. d3 d5 12. exd5 Qxd5 13. Nf3 Bd6 14. Nc3 Qh5 15. Ne4 Nxe4 16. dxe4 Rfe8 17. Nd2 Qxd1 18. Rxd1 Bxe4 19. Nxe4 Rxe4 20. Be3 f5 21. Rd4 Ree8 22. Rd3 Kf7 23. Kf1 h6 24. Rad1 g5 25. Rd5 Ke6 26. Bc5 Be5 27. c3 Bf6 28. g4 fxg4 29. hxg4 Rad8 30. Rxd8 Rxd8 31. Rxd8 Bxd8 32. Ke2 Be7 33. Bd4 c5 34. Bg7 Kf7 35. Be5 Ke6 36. Bg7 Kf7 37. Be5 Ke6 38. Bg7 1/2-1/2


[Site "https://www.chess.com"]

[Event "Titled Tuesday Blitz August 02 Early 2022"]
[White "Wu, Derek"]
[Black "Volkov, Maksim"]
[WhiteFideId "30914558"]
[BlackFideId "54123070"]
[WhiteElo "2071"]
[BlackElo "2155"]
[Result "0-1"]
[Round "07"]
[TimeControl "180+1"]
[Date "2022.08.02"]
[WhiteClock "0:00:12"]
[BlackClock "0:01:24"]

1. e4 c5 2. Nf3 d6 3. c3 Nf6 4. Qc2 g6 5. Be2 Qc7 6. O-O Bg7 7. d4 cxd4 8. Nxd4 O-O 9. h3 a6 10. Be3 Nbd7 11. a4 b6 12. Nd2 Bb7 13. f4 Rfe8 14. N4f3 Nc5 15. e5 Nd5 16. Bf2 Nxf4 17. Bc4 dxe5 18. Rae1 Rad8 19. Be3 e6 20. b4 Ncd3 21. Rd1 e4 22. Ng5 Ne2+ 23. Kh1 Ng3+ 24. Kg1 Nxf1 25. Rxf1 Qg3 26. Bxb6 Qxg5 27. Bxd8 Rxd8 0-1


[Site "https://www.chess.com"]

[Event "Titled Tuesday Blitz August 02 Early 2022"]
[White "Xu, Yi"]
[Black "Shimanov, Aleksandr"]
[WhiteFideId "8605564"]
[BlackFideId "4198603"]
[WhiteElo "2471"]
[BlackElo "2605"]
[Result "1-0"]
[Round "07"]
[TimeControl "180+1"]
[Date "2022.08.02"]
[WhiteClock "0:00:06"]
[BlackClock "0:00:03"]

1. e4 d5 2. exd5 Qxd5 3. Nc3 Qe5+ 4. Be2 Bg4 5. d4 Bxe2 6. Ngxe2 Qa5 7. O-O Nf6 8. Bf4 Nc6 9. a3 O-O-O 10. b4 Qf5 11. Be3 h5 12. b5 Na5 13. Qb1 e6 14. Nf4 h4 15. Nce2 g5 16. Nh3 g4 17. Nhf4 h3 18. g3 Ne4 19. c3 Nc4 20. Qd3 Ne5 21. Qb1 Nf3+ 22. Kh1 f6 23. c4 Bh6 24. a4 Bxf4 25. gxf4 e5 26. d5 Rhe8 27. Ng3 Nxg3+ 28. hxg3 Qxb1 29. Raxb1 exf4 30. Bxf4 Re4 31. a5 Rxc4 32. Rbc1 Rxc1 33. Rxc1 Rxd5 34. Rxc7+ Kd8 35. Rc1 Rxb5 36. Be3 Rxa5 37. Bb6+ axb6 38. Rc8+ Kd7 39. Rc7+ Kd6 40. Rc6+ Kd5 41. Rc5+ Ke4 42. Rxa5 1-0


[Site "https://www.chess.com"]

[Event "Titled Tuesday Blitz August 02 Early 2022"]
[White "Abdrlauf, Elham"]
[Black "Pinheiro, Iung Alicio de O."]
[WhiteFideId "1533533"]
[BlackFideId "2104350"]
[WhiteElo "2838"]
[BlackElo "2663"]
[Result "1-0"]
[Round "08"]
[TimeControl "180+1"]
[Date "2022.08.02"]
[WhiteClock "0:01:04"]
[BlackClock "0:00:12"]

1. e4 c5 2. Nf3 Nc6 3. d4 cxd4 4. Nxd4 e5 5. Nb5 d6 6. N1c3 a6 7. Na3 b5 8. Nd5 Nge7 9. c4 Nxd5 10. cxd5 Nd4 11. Nc2 Bg4 12. f3 Qh4+ 13. g3 Nxf3+ 14. Qxf3 Bxf3 15. gxh4 Bxh1 16. Bd3 Be7 17. Bg5 f5 18. exf5 Bxd5 19. Ne3 Bb7 20. a4 bxa4 21. Bc4 h6 22. Bxe7 Kxe7 23. Rxa4 Rhc8 24. Be6 Rc5 25. Rg4 Kf8 26. f6 Rc7 27. Nf5 g5 28. hxg5 Bc8 29. Bxc8 Raxc8 30. g6 d5 31. Nxh6 Rc1+ 32. Kd2 R8c2+ 33. Kd3 e4+ 34. Kd4 Rd1+ 35. Ke5 1-0


[Site "https://www.chess.com"]